 Dungeon Crawl Stone Soup version 0.29-a0-378-gc08b2e8bf8 (console) character file.

Game seed: 11440303231997156231

2366 petzl the Sneak (level 9, -4/68 HPs)
             Began as a Formicid Arcane Marksman on May 4, 2022.
             Was a Follower of Vehumet.
             Slain by a dream sheep (5 damage)
             ... on level 7 of the Dungeon.
             The game lasted 00:25:02 (6679 turns).

petzl the Sneak (Formicid Arcane Marksman)          Turns: 6679, Time: 00:25:03

Health: -4/68      AC: 13    Str: 14    XL:     9   Next: 72%
Magic:  0/16       EV: 12    Int: 18    God:    Vehumet [*.....]
Gold:   66         SH:  0    Dex: 11    Spells: 12/18 levels left

rFire   . . .      SeeInvis +   a - +1 short sword (venom)
rCold   . . .      Faith    .   (no shield)
rNeg    . . .      Spirit   +   B - +1 leather armour {rPois}
rPois   +          Reflect  .   (helmet unavailable)
rElec   .          Harm     .   (no cloak)
rCorr   .          Rampage  .   y - +0 pair of gloves
Will    .....                   (no boots)
Stlth   +++.......              G - amulet of guardian spirit
HPRegen 0.21/turn               f - +4 ring of protection
MPRegen 0.15/turn               F - +4 ring of protection

@: no status effects
A: permanent stasis, dig shafts and tunnels, antennae 3, four strong arms
a: Dig, Shaft Self, Renounce Religion


You were on level 7 of the Dungeon.
You worshipped Vehumet.
Vehumet was aware of your devotion.
You visited 2 branches of the dungeon, and saw 9 of its levels.

You collected 276 gold pieces.
You spent 210 gold pieces at shops.

Inventory:

Hand Weapons
 a - a +1 short sword of venom (weapon)
 b - a +0 hand crossbow of venom
 c - the +8 dagger of Crystal {freeze, Dex+4, !f =f}
   (You found it on level 3 of the Dungeon)

   It freezes those it strikes, dealing additional cold damage.
   It can also slow down cold-blooded creatures.
   Dex:       It affects your dexterity (+4).
 v - a +1 rapier of freezing
Missiles
 i - 4 poisoned darts
 t - 6 datura-tipped darts
Armour
 y - a +0 pair of gloves (worn)
 B - a +1 leather armour of poison resistance (worn)
Magical Staves
 l - a staff of poison
Jewellery
 f - a +4 ring of protection (left hand)
 z - a ring of positive energy
 E - a ring of poison resistance
 F - a +4 ring of protection (right hand)
 G - an amulet of guardian spirit (around neck)
Wands
 o - a wand of iceblast (4)
 w - a wand of flame (14)
 A - a wand of charming (6)
 D - a wand of paralysis (5)
Scrolls
 d - 2 scrolls of silence
 e - 3 scrolls of immolation
 m - a scroll of enchant armour
 q - a scroll of poison
 s - 3 scrolls of vulnerability
 u - 2 scrolls of identify
 C - 3 scrolls of magic mapping
Potions
 g - a potion of cancellation {unknown}
 h - a potion of magic {unknown}
 j - a potion of ambrosia {unknown}
 k - 2 potions of invisibility {unknown}
 n - 2 potions of degeneration {unknown}
 p - 2 potions of lignification {unknown}
 r - a potion of mutation {unknown}
 x - a potion of heal wounds {unknown}


   Skills:
 + Level 5.4 Fighting
 - Level 3.6 Crossbows
 - Level 3.3 Armour
 - Level 3.4 Dodging
 + Level 6.6 Stealth
 + Level 5.0 Spellcasting
 + Level 3.2 Conjurations
 - Level 3.6 Hexes
 + Level 2.8 Air Magic
 - Level 3.0 Poison Magic
 - Level 3.0 Evocations


You had 12 spell levels left.
You knew the following spells:

 Your Spells              Type           Power      Damage    Failure   Level
a - Slow                  Hex            68%        N/A       3%          1
b - Lightning Bolt        Conj/Air       7%         1d20      78%         5

Your spell library contained the following spells:

 Spells                   Type           Power      Damage    Failure   Level
 Shock                    Conj/Air       60%        1d6       4%          1
 Static Discharge         Conj/Air       15%        N/A       7%          2
 Sandblast                Erth           8%         2d5       16%         1
 Passwall                 Tmut/Erth      3%         N/A       24%         2
 Inner Flame              Hex/Fire       11%        N/A       24%         3
 Portal Projectile        Hex/Tloc       22%        N/A       24%         3
 Stone Arrow              Conj/Erth      20%        3d8       26%         3
 Cause Fear               Hex            8%         N/A       36%         4
 Gell's Gravitas          Tloc           4%         N/A       43%         3
 Lesser Beckoning         Tloc           4%         N/A       43%         3
 Teleport Other           Tloc           4%         N/A       43%         3
 Maxwell's Capacitive Co  Air            7%         ∞         100%        8


Dungeon Overview and Level Annotations

Branches:
Dungeon (8/15)             Temple (1/1) D:4
   Lair: D:8-11

Altars:
Ashenzari
Cheibriados
Fedhas
Makhleb
Sif Muna
Trog
Vehumet
Wu Jian

Shops:
D:1 =   D:5 ?

Annotations:
D:7 exclusion: downstairs


Innate Abilities, Weirdness & Mutations

You cannot be hasted, slowed, berserked, paralysed or teleported.
You can dig through walls and to a lower floor.
You have a pair of large antennae on your head. (SInv)
Your four strong arms can wield two-handed weapons with a shield.


Message History

* * * LOW HITPOINT WARNING * * *
Unknown command.
Unknown command.
Unknown command.
Unknown command.
Unknown command.
Unknown command.
Unknown command.
Unknown command.
Unknown command.
Unknown command.
Okay, then.
You feel better.
The dream sheep bites you but does no damage.
Okay, then.
Unknown command.
Aiming: Charm
Press: ? - help, Shift-Dir - straight line, f/p - dream sheep
Aim: a dream sheep (almost dead, very poisoned, chance to affect: 48%)
Okay, then.
Aiming: Throw Flame
Press: ? - help, Shift-Dir - straight line, f/p - dream sheep
Aim: a dream sheep (almost dead, very poisoned, 71% to hit)
The puff of flame hits the dream sheep!
You kill the dream sheep!
Vehumet accepts your kill.
Your Spellcasting skill increases to level 5!
Okay, then.
Aiming: Paralyse
Press: ? - help, Shift-Dir - straight line, f - dream sheep
Aim: a dream sheep (chance to affect: 48%)
The dream sheep resists with some effort.
The dream sheep bites you!
* * * LOW HITPOINT WARNING * * *
Aiming: Paralyse
Press: ? - help, Shift-Dir - straight line, f/p - dream sheep
Aim: a dream sheep (chance to affect: 48%)
The dream sheep resists with some effort.
The dream sheep bites you.
You die...

##....# ....##.#.###.# #.....# #
#.#.....# #....## #.##.#.##
#.#.## #.#.###.# #.#.#
####.##..## ##. #.#.## ........##
## #....# ########.## ##. ###..#
### ##.###.# #..# ..#
#######.#.## ##..#####. #..
#........### #......... #.# ###
#.########## #.#######. #.. ..#
#. #.# #.###.# #. ##. #.###
...####..##.# #. #.. #...#
.....>...##.# ########. #.. ###.#
....#.##.##.# #........ #.. #.# #
.. #g##.###.#####.. #.. #.# ##
#Y##.##..#...#..### #.. #.#
#.###@##.....#...#....# #.. #.#
#.........####..^###..## ##. #.#
#####..#...⌠.##'##.⌠#..### #. #.#
#######...............#....# #.
#.##
.........#####.......#####.## #.
#..#
########.#...#.......#...#..###.
##.#
#.....'...'..._...'.....)..).
#.#####
#.##..#(..#...)...#...#)####.
#.#...######
#.##..###.........#.###.# #.
#..........#
#.###..?.#.........#....# #.
##._..####.# #.#
#.#..#⌠..#'##.⌠#..... .) #....#
#.# #.# #....####...####..### ##
##...# #.# #.#
###.....#....)....# #####
#.###.## #.##..#.).#..##.#
#.##...# #.###.##.##.....#
#.##...####.# #..).[).###.#
#........##(###.##.#.## #.#
#...........#.......>.###.#
##.......####.###..#.#.##.#######


You could see a dream sheep and a gnoll shaman.

Vanquished Creatures
  Pikel (D:5)
  Joseph (D:7)
  Grinder (D:4)
  3 dream sheep (D:7)
  A water moccasin (D:5)
  A centaur (D:6)
  A phantom (D:5)
  A necrophage (D:6)
  A scorpion (D:7)
  3 hounds
  A jelly (D:5)
  An orc priest (D:7)
  3 iguanas
  Ijyb (D:3)
  Robin (D:2)
  9 adders
  A shadow imp (D:5)
  A worm (D:3)
  A dart slug (D:7)
  18 orcs
  6 endoplasms
  5 giant cockroaches
  14 goblins
  9 hobgoblins
  2 jackals (D:2)
  A quokka (D:3)
  9 ball pythons
  4 bats
  4 frilled lizards
  3 kobolds
  7 rats
115 creatures vanquished.

Vanquished Creatures (others)
  5 fungi (D:6)
  10 plants
15 creatures vanquished.

Grand Total: 130 creatures vanquished

Notes
Turn   | Place    | Note
-------+----------+-------------------------------------------
     0 | D:1      | petzl the Formicid Arcane Marksman began the quest for the
                  | Orb.
     0 | D:1      | Reached XP level 1. HP: 15/15 MP: 2/2
   395 | D:1      | Reached XP level 2. HP: 18/21 MP: 3/3
   733 | D:1      | Reached skill level 1 in Stealth
   760 | D:1      | Found Ynafoseg's Jewellery Emporium.
   964 | D:2      | Reached XP level 3. HP: 26/26 MP: 5/5
  1071 | D:2      | Found a faded altar of an unknown god.
  1081 | D:2      | Reached skill level 1 in Armour
  1150 | D:2      | Found a shimmering blue altar of Sif Muna.
  1275 | D:2      | Reached XP level 4. HP: 33/33 MP: 6/6
  1742 | D:2      | Noticed Robin
  1762 | D:2      | Killed Robin
  1789 | D:2      | Reached skill level 2 in Stealth
  1824 | D:2      | Reached XP level 5. HP: 23/38 MP: 8/8
  2492 | D:3      | Noticed Ijyb
  2508 | D:3      | Killed Ijyb
  2847 | D:3      | Identified the +8 dagger of Crystal {freeze, Dex+4}
  2891 | D:3      | Found an ornate altar of the Wu Jian Council.
  3420 | D:4      | Noticed Grinder
  3581 | D:5      | Entered Level 5 of the Dungeon
  3716 | D:4      | Reached XP level 6. HP: 37/46 MP: 7/9
  4130 | D:4      | Found a staircase to the Ecumenical Temple.
  4135 | Temple   | Entered the Ecumenical Temple
  4166 | Temple   | Became a worshipper of Vehumet
  4276 | D:4      | Reached skill level 3 in Stealth
  4375 | D:4      | Killed Grinder
  4376 | D:4      | Reached XP level 7. HP: 33/52 MP: 8/11
  4703 | D:5      | Found a burning altar of Makhleb.
  5056 | D:5      | Found Qohenof's Magic Scroll Boutique.
  5059 | D:5      | Bought a scroll of identify for 28 gold pieces
  5059 | D:5      | Bought a scroll of identify for 28 gold pieces
  5059 | D:5      | Bought a scroll of identify for 28 gold pieces
  5059 | D:5      | Bought a scroll of identify for 28 gold pieces
  5059 | D:5      | Bought a scroll of magic mapping for 49 gold pieces
  5059 | D:5      | Bought a scroll of magic mapping for 49 gold pieces
  5202 | D:5      | Noticed a water moccasin
  5317 | D:5      | Reached skill level 4 in Stealth
  5323 | D:5      | Learned a level 5 spell: Lightning Bolt
  5388 | D:5      | Killed a water moccasin
  5389 | D:5      | Reached skill level 1 in Poison Magic
  5389 | D:5      | Reached XP level 8. HP: 58/58 MP: 11/13
  5589 | D:6      | Found a blossoming altar of Fedhas.
  5651 | D:6      | Noticed Pikel
  5680 | D:5      | Killed Pikel
  5681 | D:5      | Reached skill level 5 in Stealth
  5681 | D:5      | Reached skill level 1 in Conjurations
  5681 | D:5      | Reached skill level 1 in Air Magic
  5948 | D:6      | Reached XP level 9. HP: 66/66 MP: 12/15
  5975 | D:6      | You fall into a shaft and drop 1 floor!
  6028 | D:7      | Found a bloodstained altar of Trog.
  6197 | D:7      | Noticed Joseph
  6222 | D:7      | Killed Joseph
  6223 | D:7      | Reached skill level 6 in Stealth
  6480 | D:7      | Found a snail-covered altar of Cheibriados.
  6610 | D:7      | Found a broken altar of Ashenzari.
  6652 | D:7      | Reached skill level 5 in Fighting
  6658 | D:7      | Reached * piety under Vehumet
  6658 | D:7      | Offered knowledge of Shock by Vehumet.
  6675 | D:7      | HP: 1/68 [dream sheep (16)]
  6678 | D:7      | Reached skill level 5 in Spellcasting
  6679 | D:7      | Slain by a dream sheep

Illustrated notes

Levels and vault maps discovered:
D:1:      amcnicky_arrival_single_pillar, layout_loops_ring, serial_shops, shop
D:2:      layout_loops_corners, basic_altar, nicolae_ecumenical_snake_handling,
          uniq_robin
D:3:      layout_basic, lemuel_coloured_pillars_altar, serial_bayou_ford_a,
          uniq_ijyb
D:4:      layout_basic, temple_statues, uniq_grinder
D:5:      layout_basic, kennysheep_little_box, serial_shops, kennysheep_mini,
          kennysheep_generic_room_15
D:6:      minmay_angry_zag, layout_basic, nicolae_kikubaaqudgha_miasma_corner,
          fedhas_altar_3, kennysheep_mini_moat, minivault_24, uniq_pikel
D:7:      layout_loops_ring, mainiacjoe_overflow_chevrons, bloody_trog,
          evilmike_ruin_ashenzari, kennysheep_slug_shrine,
          dreamdust_gnoll_shepherd, uniq_joseph
D:8:      layout_cave_pools, nicolae_overflow_squiral, david_lair_generic,
          enter_bailey_2, serial_shops, nicolae_diamond_shop
Temple:   bh_familiar_temple

Skill      XL: |  1  2  3  4  5  6  7  8  9 |
---------------+----------------------------+-----
Stealth        | 1 2 3 4 5 6 |  6.6
Dodging        | 2 3 |  3.4
Armour         | 1 2 3 |  3.3
Spellcasting   | 2 3 4 5 |  5.0
Fighting       | 2 3 4 5 |  5.4
Crossbows      | 3 |  3.6
Poison Magic   | 1 2 3 |  3.0
Conjurations   | 1 3 |  3.2
Air Magic      | 1 2 |  2.8
Evocations     | 2 3 |  3.0
Hexes          | |  3.6

Action                   |  1- 3 |  4- 6 |  7- 9 || total
-------------------------+-------+-------+-------++-------
Melee: Short sword       |    14 |   104 |    75 ||   193
       Dagger            |       |     5 |    25 ||    30
       Punch             |       |       |     2 ||     2
       Rapier            |       |       |     2 ||     2
 Fire: Hand crossbow     |   102 |   121 |    49 ||   272
 Cast: Slow              |     4 |    16 |    30 ||    50
 Abil: Dig               |       |     1 |       ||     1
       Shaft Self        |       |       |     1 ||     1
Evoke: Wand              |       |       |     8 ||     8
  Use: Potion            |     1 |       |     1 ||     2
       Scroll            |       |       |     7 ||     7
 Stab: Sleeping          |       |       |     1 ||     1
Armor: Robe              |     9 |       |       ||     9
       Leather armour    |    21 |    43 |    51 ||   115
Dodge: Dodged            |    45 |   100 |    68 ||   213

Table legend: (Time is in decaauts)
 A = Elapsed time spent in this place.
 B = Non-inter-level travel time spent in this place.
 C = Inter-level travel time spent in this place.
 D = Time resting spent in this place.
 E = Time spent auto-exploring this place.
 F = Levels seen in this place.
 G = Mean time per level.
                   A        B        C        D        E       F      G
               +--------+--------+--------+--------+--------+-----+--------+
         Total |   6780 |   6493 |    287 |   1709 |   3176 |   9 |  753.3 |
       Dungeon |   6734 |   6461 |    273 |   1709 |   3151 |   8 |  841.8 |
        Temple |     45 |     31 |     14 |      0 |     25 |   1 |   45.0 |
               +--------+--------+--------+--------+--------+-----+--------+

Top non-repeatable levels by time:
     D:3: 1406 daAuts
     D:2: 1210 daAuts
     D:5: 1201 daAuts
     D:4: 1037 daAuts
     D:1: 979 daAuts
     D:7: 693 daAuts
     D:6: 183 daAuts
  Temple: 45 daAuts
     D:8: 21 daAuts
